Cogmind - Beta 13 @@@ ROGUE MODE // 2024.04.25 @ 15:31:29 Player: MarKhan Result: Destroyed by G-34 Mercenary with Small Laser Performance ------------- Evolutions (0) 0 Regions Visited (1) 200 Robots Destroyed (22) 110 Value Destroyed (464) 464 Prototype IDs (5) 100 Alien Tech Used (0) 0 Bonus (0) 0 TOTAL SCORE: 874 Bonus ------- None Cogmind --------- Core Integrity 0/250 Matter 280/300 Energy 98/100 System Corruption 0% Temperature Cool (62) Movement Rolling (100) Location -10/Materials Parts ------- > --- POWER (1) -------- (None) > --- PROPULSION (2) --- Compact Wheel Compact Wheel > --- UTILITY (2) ------ Medium Storage Unit Sensor Array > --- WEAPON (2) ------- Medium Laser > --- INVENTORY (10) --- Ion Engine Wheel Compact Wheel Flight Unit Flight Unit Small Battery (100) Structural Scanner Visual Processing Unit Signal Interpreter Grenade Launcher Peak State ------------ > --- POWER ------------ Ion Engine > --- PROPULSION ------- Aluminum Leg Aluminum Leg > --- UTILITY ---------- Medium Storage Unit Structural Scanner > --- WEAPON ----------- Small Laser Small Laser > --- INVENTORY -------- Ion Engine Ion Engine Aluminum Leg Wheel Hover Unit Flight Unit Sensor Array ECM Suite Light Assault Rifle Grenade Launcher [Rating: 8] Favorites ----------- Power Ion Engine Engine Ion Engine Propulsion Aluminum Leg Leg Aluminum Leg Wheel Compact Wheel Utility Medium Storage Unit Device Sensor Array Storage Medium Storage Unit Weapon Small Laser Energy Gun Small Laser Launcher Grenade Launcher Build | -11 -10 ------- Run | Yrd Mat Slots Evolved . | . . Power . | . . Propulsion . | . . Utility . | . . Weapon . | . . Parts Attached 20 | 5 15 Power 3 | 1 2 Engine 3 | 1 2 Core . | . . Reactor . | . . Propulsion 7 | 2 5 Treads . | . . Leg 3 | . 3 Wheel 4 | 2 2 Hover . | . . Flight . | . . Utility 3 | . 3 Device 2 | . 2 Storage 1 | . 1 Processor . | . . Hackware . | . . Protection . | . . Artifact . | . . Weapon 7 | 2 5 Energy Gun 6 | 2 4 Energy Cannon . | . . Ballistic Gun . | . . Ballistic Cannon . | . . Launcher 1 | . 1 Special Weapon . | . . Impact Weapon . | . . Slashing Weapon . | . . Piercing Weapon . | . . Special Melee Weapon . | . . Unidentified Prototypes . | . . Parts Lost 7 | . 7 Power 2 | . 2 Propulsion 1 | . 1 Utility . | . . Weapon 4 | . 4 Highest Loss Streak 4 | . 4 To Critical Strikes . | . . Average Slot Usage (%) 92 | . 92 Engine 13 | . 13 Leg 14 | . 14 Wheel 13 | . 13 Device 10 | . 10 Storage 13 | . 13 Energy Gun 23 | . 23 Launcher 2 | . 2 Naked Turns . | . . Heaviest Build 21 | 7 21 Greatest Support 32 | 20 32 Greatest Overweight (x) 1 | . 1 Average Overweight (x) . | . . Largest Inventory Capacity 10 | 5 10 Average Capacity 9 | 5 9 Most Carried 10 | 5 10 Average Carried 7 | 1 7 Final Capacity 10 | 5 10 Final Carried 10 | 5 10 Class Distribution -------------------- 100% | Mutant Dominant Class ---------------- Mutant | -10/Materials Resources | -11 -10 ----------- Run | Yrd Mat Matter Collected 485 | 250 235 Remotely . | . . Salvage Created 590 | 38 552 Parts 46 | 2 44 Haulers Intercepted . | . . Recyclers Shooed 1 | . 1 Parts Field Recycled . | . . Retrieved Matter . | . . Parts Self-Destructed . | . . Prevented . | . . Kills | -11 -10 ------- Run | Yrd Mat Combat Hostiles Destroyed 16 | 1 15 Guns 12 | 1 11 AOE 4 | . 4 Classes Destroyed 5 | 1 4 Worker 3 | . 3 Recycler 1 | . 1 Watcher 2 | . 2 Swarmer 6 | . 6 Grunt 10 | 1 9 Best Kill Streak 6 | 1 6 Combat Bots Only 4 | 1 4 Max Kills in Single Turn 3 | 1 3 Gunslinging . | . . Exploded 1 | . 1 Melee . | . . Uniques/NPCs Destroyed . | . . Combat | -11 -10 -------- Run | Yrd Mat Hostile Shots Fired 152 | 2 150 Missed 53 | 1 52 Damage Taken 1037 | 11 1026 Core 250 | . 250 Absorbed by Shields . | . . Core Remaining (%) 100 | 100 . Volleys Fired 76 | 2 74 Largest 2 | 2 2 Hottest 90 | 90 90 Shots Fired 130 | 4 126 Gun 117 | 4 113 Cannon . | . . Launcher 13 | . 13 Special . | . . Kinetic . | . . Thermal 106 | 2 104 Explosive 13 | . 13 Electromagnetic 11 | 2 9 Robot Hit Streak 9 | 2 9 Robot Miss Streak 3 | 1 3 Penetration Max . | . . Secondary Targets 2 | . 2 Max Gunslinging Chain 1 | . 1 Shots Hit Robots 57 | 2 55 Core Hits 33 | 1 32 Critical Kills . | . . Critical Parts Destroyed . | . . Critical Strikes . | . . Melee Attacks . | . . Impact . | . . Slashing . | . . Piercing . | . . Sneak Attacks . | . . Combat Hostiles . | . . Follow-up Attacks . | . . Damage Inflicted 1290 | 28 1262 Guns 728 | 28 700 Cannons . | . . Explosions 556 | . 556 Melee . | . . Ramming 6 | . 6 Kinetic . | . . Thermal 685 | 13 672 Explosive 556 | . 556 Electromagnetic 43 | 15 28 Impact . | . . Slashing . | . . Piercing . | . . Highest Corruption . | . . Average Corruption . | . . Corruption Purged . | . . Corruption Blocked . | . . Overload Shots . | . . Overflow Damage 27 | . 27 Projectiles . | . . Explosions 27 | . 27 Melee . | . . Knockbacks . | . . Impact . | . . Kinetic . | . . Secondary . | . . Self-Inflicted Damage 3 | . 3 Shots . | . . Rammed 1 | . 1 Targets Rammed 1 | . 1 Kicked . | . . Crushed . | . . Highest Temperature 295 | 66 295 Average Temperature 97 | 36 100 Received Heat Transfer 429 | 6 423 Siege Activations . | . . Robots Corrupted . | . . Combat Hostiles . | . . Parts Fried . | . . Impact Corruptions . | . . Robots Melted . | . . Combat Hostiles . | . . Parts Melted 2 | . 2 Heat Transferred 1692 | 37 1655 Parts Sabotaged . | . . Parts Stolen . | . . Parts Stripped . | . . Power Chain Reactions . | . . Alert | -11 -10 ------- Run | Yrd Mat Peak Influence 278 | 20 278 Initial 13 | . 13 Average 68 | 3 72 Maximum Alert Level 1 | . 1 Low Security (%) 92 | 100 92 Level 1 7 | . 7 Level 2 . | . . Level 3 . | . . Level 4 . | . . Level 5 . | . . High Security . | . . Max Security . | . . Squads Dispatched 5 | . 5 Investigation 4 | . 4 Extermination . | . . Reinforcement 1 | . 1 Assault . | . . Garrison . | . . Intercept . | . . Searches Triggered . | . . Construction Impeded . | . . Haulers Reinforced . | . . Active Scanning Responses . | . . Cargo Convoy Interrupts . | . . Stealth | -11 -10 --------- Run | Yrd Mat Distress Signals 3 | . 3 Communications Jammed . | . . Distress Signals . | . . Times Spotted 30 | 1 29 Peak Tracking Total 5 | 1 5 Tactical Retreats 1 | . 1 Traps | -11 -10 ------- Run | Yrd Mat Traps Triggered 1 | . 1 Indirectly . | . . Trap Hack Attempts . | . . Triggered . | . . Disarmed . | . . Reprogrammed . | . . Reused . | . . Traps Extracted . | . . Installed . | . . Triggered . | . . Machines | -11 -10 ---------- Run | Yrd Mat Machines Disabled 1 | . 1 Max in Single Turn 1 | . 1 Machines Repaired . | . . Machines Dismantled . | . . Machines Sabotaged . | . . Overloaded Fab Kills . | . . Hacking | -11 -10 --------- Run | Yrd Mat Machines Accessed 8 | . 8 Terminals 6 | . 6 Fabricators . | . . Repair Stations 1 | . 1 Recycling Units 1 | . 1 Scanalyzers . | . . Garrison Access . | . . Total Hacks 27 | . 27 Successful 15 | . 15 Failed 12 | . 12 Catastrophic 2 | . 2 Database Lockouts . | . . Manual 7 | . 7 Terminals 20 | . 20 Fabricators . | . . Repair Stations 2 | . 2 Recycling Units 5 | . 5 Scanalyzers . | . . Garrison Access . | . . Terminal Hacks 9 | . 9 Part Schematic 1 | . 1 Robot Analysis 1 | . 1 Prototype ID Bank 3 | . 3 Terminal Index 1 | . 1 Scanalyzer Index 1 | . 1 Alert Level 1 | . 1 Locate Traps 1 | . 1 Fabricator Hacks . | . . Repair Station Hacks 1 | . 1 Scan Component 1 | . 1 Recycling Unit Hacks 5 | . 5 Recycle Component 1 | . 1 Process 1 | . 1 Report Inventory 1 | . 1 Retrieve Matter 1 | . 1 Retrieve Components 1 | . 1 Scanalyzer . | . . Garrison Access Hacks . | . . Unauthorized Hacks . | . . Terminals . | . . Fabricators . | . . Repair Stations . | . . Recycling Units . | . . Scanalyzers . | . . Garrison Access . | . . Data Cores Recovered . | . . Used . | . . Hacking Detections 8 | . 8 Full Trace Events 7 | . 7 Feedback Events . | . . Feedback Blocked . | . . Robot Schematics Acquired . | . . Robots Built . | . . Authchips . | . . Time . | . . Total Robot Build Rating . | . . Part Schematics Acquired 1 | . 1 Parts Built . | . . Authchips . | . . Time . | . . Total Part Build Rating . | . . Parts Repaired . | . . Time . | . . Parts Recycled 1 | . 1 Recycled Matter 229 | . 229 Retrieved Matter 285 | . 285 Retrieved Components . | . . Parts Scanalyzed . | . . Part Schematics Acquired . | . . Parts Damaged . | . . Bothacking | -11 -10 ------------ Run | Yrd Mat Used RIF Installer . | . . Robots Hacked . | . . Non-combat . | . . Combat . | . . Robot Hacks Applied . | . . Relay Couplers Released . | . . Fabnet Peak Effective % . | . . Robots Rewired . | . . Allies Hacked . | . . Hacks Repelled . | . . Allies | -11 -10 -------- Run | Yrd Mat Total Allies . | . . Largest Group . | . . Highest-Rated Group . | . . Highest-Rated Ally . | . . Total Orders . | . . Ally Attacks . | . . Total Damage . | . . Kills . | . . Allies Corrupted . | . . Allies Melted . | . . Intel | -11 -10 ------- Run | Yrd Mat Robot Analysis Total 1 | . 1 Derelict Logs Recovered . | . . Drone Launches . | . . Drone Recoveries . | . . Exploration | -11 -10 ------------- Run | Yrd Mat Turns Passed 1116 | 64 1052 Spaces Moved 815 | 64 751 Core 17 | 17 . Treads . | . . Legs 361 | . 361 Wheels 437 | 47 390 Hover . | . . Flight . | . . Fastest Speed 50 | 50 80 Average Speed 103 | 72 106 Slowest Speed 190 | 80 190 Overloaded Moves . | . . Propulsion Burnouts . | . . Robots Hopped . | . . Cave-ins Triggered . | . . Exploration Rate (%) 45 | 5 86 Regions Visited 1 Branch Regions . Pre-discovered Areas . | . . Known Exits Taken . | . . Unknown Exits Taken 1 | 1 . Scrap Searched . | . . Spaces Dug . | . . Terrain Destroyed 61 | . 61 Melee . | . . Projectile . | . . AOE 61 | . 61 Terrain Rammed . | . . Walls Destroyed . | . . Machines Disabled . | . . Actions | -11 -10 --------- Run | Yrd Mat Total 952 | 75 877 Wait 11 | . 11 Move 814 | 63 751 Hop . | . . Pick Up 21 | 5 16 Fast Attach 11 | 5 6 Attach 4 | . 4 Detach . | . . Swap 5 | . 5 Drop 9 | . 9 Fire 76 | 2 74 Melee . | . . Ram 1 | . 1 Kick . | . . Crush . | . . Escape Stasis . | . . Rewire . | . . Trap . | . . Miscellaneous . | . . Route ------- -11/Scrapyard -10/Materials (discovered 3 exits: [*Mat x2] / [*Min]) History --------- Turn | Location | Event 2 | -11/Scrapyard | Met Revision 17 47 | -11/Scrapyard | Discovered new exit (range 8) 65 | -11/Scrapyard | Entered Materials 230 | -10/Materials | Lost 4 parts (1p1n2w) 301 | -10/Materials | Build established: Mutant 372 | -10/Materials | Core integrity fell below 50% 506 | -10/Materials | Discovered new exit (range 15) 807 | -10/Materials | Discovered new exit (range 6) 945 | -10/Materials | Core integrity fell below 20% 1036 | -10/Materials | Discovered new exit (range 11) 1117 | -10/Materials | Destroyed by G-34 Mercenary with Small Laser Last Messages --------------- M-14 Sweeper Tier: 3 Minesweepers are a new class derived from the mechanic, though built around a more secure core than normally found among non-combat robots, for added protection while carrying out their primary duty. Sweeper deployment only recently became necessary as a result of increasing derelict use of traps in the caves to impede patrol efforts. 01091_ ALERT: Suspicious activity at Terminal M006. Dispatching Investigation squad. 01108_ Terminal disabled. 01113_ U-05 Engineer lays Concrete. 01113_ Ion Engine destroyed. 01115_ The unstable cave ceiling collapses. 01115_ U-05 Engineer lays Concrete. 01115_ Destroyed Ion Engine. 01115_ Grenade Launcher destroyed. 01116_ U-05 Engineer lays Concrete. Map ----- +----------------------------------------------------+ | ## #????????????????????????? | | ## #????????????????????????? | | ## #????????????????????????? | | # #????????????????????????? | | #????????????????????????? | | #????????????????????????? | | ##???????????????????????? | | ############?????????????? | | ! ## #?????????????? | | ## #?????????????? | | +### #?????????????? | | =[ # #?????????????? | | * +% #?????????????? | | ==! % # #?????????????? | | =*%= # ######????????? | | !%^ # + #????????? | | ^^ #####+##### #????????? | | ^^####%##?# # #????????? | | ^ #### #??# """ + #????????? | | ###+#+#### ##?# "T" #### #????????? | | ## ##?# " " #??# #????###?? | | """ ## ##?# #??# #??? #?? | | """" + ##?# #??# #??? #?? | | """" ####??########??# ##### ##?? | | """" ##?############## #?? | | """ #### + @%u #?? | | ###" " ##### #?? | | #+#########" "" ##### ### | | ###########" "" # # | | ####??????#T """ # # | | ??????????#" "" + | | ??????????#" """?# gg = | | ??????????#" """ ###[<%# # | | ??????????## """ # ## ! # | | ???????????# " # # # # ## | | ???????????# ? ################? | | ???????????########????????????????? | | ???????????????????????????????????? | | ???????????????????????????????????? | | ???????????????????????????????????? | | ???????????????????????????????????? | | | | | | | | | | | | | | | | | | | +----------------------------------------------------+ Best States ------------- Heat Dissipation 25 Energy Generation 10 Energy Capacity 250 Matter Stores 300 Matter Capacity 300 Sight Range 16 Robot Scan Range 14 Terrain Scan Density 10 Evasion (%) 55 Item Schematics ----------------- Flight Unit | -10/Materials | Hacked Robot Schematics ------------------ None Fabricated ------------ Nothing Alien Tech Used ----------------- None Achievements -------------- None Challenges ------------ None Game ------ Seed MiniGunModule Manual? 0 Play Time 00:24:15 Cumulative 10.8 hours Start 2024.04.25 @ 15:11:41 End 2024.04.25 @ 15:31:29 Sessions 1 Manual Loads 0 Difficulty Rogue Special Mode None Game No. 10 Rogue 10 Adventurer 0 Explorer 0 Win Type - Total 0 Types 0/0/0/0/0/0/0/0/0 Lore% 9 Gallery% 14 Achievement% 14 Wizard Run 0 Options --------- Layout 1 ASCII 0 Keyboard 1 Movement Numpad Keybinds 0 Fullscreen 2 Font 24/Smallcaps Map View 50x35 Zoom Use 0% Tactical HUD 1 Map Filters NONE Filters NONE Steam 1 RUN: c2c54ba7-0709-42c3-8600-133783cd714d